 Dungeon Crawl Stone Soup version 0.29.1-1-gd02db6906a (webtiles) character file.

Game seed: 3332862671103773920

120 fireball365 the Stinger (level 4, -1/37 HPs)
             Began as a Minotaur Wanderer on Oct 20, 2022.
             Slain by an orc
             ... wielding a +0 hand axe
              (6 damage)
             ... on level 3 of the Dungeon.
             The game lasted 00:08:15 (2479 turns).

fireball365 the Stinger (Minotaur Wanderer)         Turns: 2479, Time: 00:08:15

Health: -1/37      AC: 10    Str: 13    XL:     4   Next: 75%
Magic:  4/4        EV:  6    Int: 12    God:
Gold:   113        SH:  0    Dex: 12    Spells: 4/5 levels left

rFire   . . .      SeeInvis .   r - +10 falchion of Oficis {freeze, rElec rC++}
rCold   + + .      Faith    .   (no shield)
rNeg    . . .      Spirit   .   k - +0 chain mail
rPois   .          Reflect  .   (helmet restricted)
rElec   +          Harm     .   m - +0 cloak
rCorr   +          Rampage  .   b - +0 pair of gloves
Will    .....                   (no boots)
Stlth   ..........              (no amulet)
HPRegen 0.12/turn               A - ring of resist corrosion
MPRegen 0.09/turn               (no ring)

@: studying Fighting
A: horns 2, retaliatory headbutt
a: no special abilities


You were on level 3 of the Dungeon.
You visited 1 branch of the dungeon, and saw 3 of its levels.

You collected 113 gold pieces.

Inventory:

Hand Weapons
 a - a +0 quarterstaff
 e - a +0 mace
 l - a +2 short sword of venom
 r - the +10 falchion of Oficis (weapon) {freeze, rElec rC++}
   (You found it on level 2 of the Dungeon)

   It freezes those it strikes, dealing additional cold damage.
   It can also slow down cold-blooded creatures.
   rC:        It greatly protects you from cold.
   rElec:     It insulates you from electricity.
 z - a +0 halberd
Missiles
 f - 11 boomerangs
 g - 49 stones
 n - 2 silver javelins
 s - 9 poisoned darts
 t - 5 datura-tipped darts
 B - 6 curare-tipped darts
Armour
 b - a +0 pair of gloves (worn)
 d - a +0 leather armour
 j - a +0 ring mail
 k - a +0 chain mail (worn)
 m - a +0 cloak (worn)
Jewellery
 A - a ring of resist corrosion (left hand)
Wands
 v - a wand of light (3)
Scrolls
 c - 2 scrolls of blinking
 i - a scroll of teleportation {unknown}
 p - a scroll of identify {unknown}
 q - a scroll of butterflies {unknown}
 u - a scroll of poison {unknown}
 w - a scroll of vulnerability {unknown}
 y - a scroll of silence {unknown}
Potions
 h - 2 potions of heal wounds {unknown}
 o - a potion of ambrosia {unknown}
 x - a potion of attraction {unknown}


   Skills:
 + Level 2.3 Fighting
 + Level 2.2 Long Blades
 + Level 2.1(2.2) Maces & Flails
 + Level 1.2(1.8) Staves
 + Level 1.8 Armour
 + Level 1.2 Dodging
 + Level 1.1 Stealth
 + Level 1.1 Spellcasting
 + Level 2.8 Poison Magic
 + Level 1.0 Invocations
 + Level 1.0 Evocations


You had 4 spell levels left.
You knew the following spells:

 Your Spells              Type           Power      Damage    Failure   Level
a - Sting                 Tmut/Pois      16%        1d3       99%         1

Your spell library contained the following spells:

 Spells                   Type           Power      Damage    Failure   Level
 Magic Dart               Conj           0%         1d3       100%        1
 Call Imp                 Summ           0%         N/A       100%        2
 Poisonous Vapours        Pois/Air       8%         N/A       100%        2
 Mephitic Cloud           Conj/Pois/Air  2%         N/A       100%        3


Dungeon Overview and Level Annotations

Branches:
Dungeon (3/15)

Altars:
Elyvilon


Innate Abilities, Weirdness & Mutations

You have a pair of horns on your head.
You reflexively headbutt those who attack you in melee.


Message History

Beogh smites you! The kobold attacks as you move away!
The kobold hits you but does no damage. The orc closely misses you.
The orc priest hits you with a +0 club.
The kobold throws a stone.
The stone barely misses you.
You see here a +0 mace.
The orc attacks as you move away! The orc hits you with a +0 club.
The orc priest closely misses you.
You hit the orc. You freeze the orc.
You kill the orc!
The orc priest hits you but does no damage.
You barely miss the kobold. You headbutt the kobold.
The kobold is moderately wounded.
The kobold barely misses you. The orc priest barely misses you.
The kobold hits you but does no damage.
The orc priest hits you but does no damage.
You slash the kobold! You freeze the kobold.
You kill the kobold!
The orc priest hits you with a +0 club.
The orc priest invokes the aid of Beogh against you.
Pain shoots through your body!
Items here: ( )) [ †.
The orc priest hits you with a +0 club.
You see here a +0 mace.
The orc priest hits you but does no damage.
You see here 11 gold pieces.
You slash the orc priest! You freeze the orc priest.
The orc priest is severely wounded.
The orc priest hits you with a +0 club. The orc priest barely misses you.
The orc priest invokes the aid of Beogh against you.
Pain shoots through your body!
* * * LOW HITPOINT WARNING * * *
You slash the orc priest! You freeze the orc priest.
You kill the orc priest!
Your Long Blades skill increases to level 2!
An orc comes into view. It is wielding a +0 hand axe.
The orc hits you but does no damage. The orc hits you but does no damage.
The orc hits you with a +0 hand axe.
You die...

..# #### #..# #.# ...# #..#
#.# ....# #..# #.####....
######..# ####+###........
......... #........)..#
#######.# #........)).#
#...# #........$).# ..####
#.###
#.........@.#....+...##.)..
#.........o)#....# #...[...
#...........#....# #.......
#...........#....# #.......
#..........)#....# #.......
#...............# #.......
##########..#### ##......
#...# #...... ######..##
#......


You could see an orc.

Vanquished Creatures
  An orc priest (D:3)
  2 adders
  3 worms (D:3)
  2 dart slugs (D:1)
  8 orcs (D:3)
  3 ball pythons (D:1)
  2 bats
  2 endoplasms
  A giant cockroach (D:1)
  A goblin (D:1)
  5 hobgoblins
  7 jackals
  3 kobolds
  A quokka (D:2)
  4 frilled lizards
  5 rats
50 creatures vanquished.

Notes
Turn   | Place    | Note
-------+----------+-------------------------------------------
     0 | D:1      | fireball365 the Minotaur Wanderer began the quest for the
                  | Orb.
     0 | D:1      | fireball365 set off with the following items: a +0
                  | quarterstaff, a +0 pair of gloves, a scroll of blinking, a
                  | +0 leather armour; and the following spell memorised:
                  | Sting; and the following spells available to memorise:
                  | Poisonous Vapours, Mephitic Cloud.
     0 | D:1      | Reached XP level 1. HP: 16/16 MP: 1/1
   369 | D:1      | Reached XP level 2. HP: 18/23 MP: 2/2
  1250 | D:2      | Identified the +10 falchion of Oficis {freeze, rElec rC++}
  1310 | D:2      | Reached XP level 3. HP: 28/29 MP: 3/3
  1384 | D:2      | Found a white marble altar of Elyvilon.
  1568 | D:2      | Reached skill level 1 in Maces & Flails
  2006 | D:3      | Reached skill level 1 in Armour
  2272 | D:3      | Reached skill level 1 in Long Blades
  2272 | D:3      | Reached XP level 4. HP: 35/36 MP: 4/4
  2479 | D:3      | Slain by an orc

Illustrated notes

Levels and vault maps discovered:
D:1:      minmay_arrival_up_and_down, layout_basic, supply_closet_lemuel,
          minmay_misc_feat_roman, chequers_serial_rivers_micro_a
D:2:      layout_loops_ring, basic_altar, grunt_ministairs_9
D:3:      layout_basic

Skill      XL: |  1  2  3  4 |
---------------+-------------+-----
Maces & Flails | 2 |  2.1
Armour         | 1 |  1.8
Fighting       | 2 |  2.3
Long Blades    | 1 2 |  2.2
Staves         | |  1.2
Dodging        | |  1.2
Stealth        | |  1.1
Spellcasting   | |  1.1
Poison Magic   | |  2.8
Invocations    | |  1.0
Evocations     | |  1.0

Action                   |  1- 3 |  4- 6 || total
-------------------------+-------+-------++-------
Melee: Mace              |    42 |       ||    42
       Headbutt          |     9 |     3 ||    12
       Falchion          |    34 |    22 ||    56
 Cast: Sting             |     3 |       ||     3
Armor: Leather armour    |    14 |       ||    14
       Ring mail         |    15 |       ||    15
       Chain mail        |    40 |    16 ||    56
Dodge: Dodged            |    47 |    13 ||    60
